Zazza, neutral female gnomish Wizard ...--.--..... ...........<. .- --- -...--------. ----.--------....-------.. --......................)I. |.......---........-----... --..----- --.------- --.| ---- --- Zazza the Thaumaturge Experience level: 7 Strength: 11 Dexterity: 17 Constitution: 14 Intelligence: 19 Wisdom: 11 Charisma: 10 Health: 0(47) Energy: 67(67) Def: 4 Gold: 0 Moves: 4415 Dungeon seed: BBtFoxTf0uETk-pa Game ID: Zazza_1533241445 Your Inventory: Weapons i - a +0 dagger x - 3 +0 elven daggers Armor e - an uncursed +0 cloak of magic resistance (being worn) q - an uncursed +0 studded leather armor (being worn) Comestibles p - an uncursed food ration G - an uncursed lembas wafer Potions t - an uncursed potion of oil Rings c - an uncursed ring of conflict d - an uncursed ring of see invisible Wands X - a wand of slow monster (0:7) Tools f - an uncursed mirror h - an uncursed blindfold u - an uncursed lock pick z - an uncursed bag of holding W - a fire horn (0:4) Contents of the bag of holding: 782 gold pieces 11 +0 darts 2 blessed +0 orcish daggers a cursed -1 pair of fumble boots 2 uncursed scrolls of blank paper 2 cursed scrolls of blank paper an uncursed scroll of enchant armor an uncursed scroll of enchant weapon an uncursed scroll of identify an uncursed scroll of taming an uncursed spellbook of confuse monster an uncursed spellbook of cure sickness an uncursed potion of enlightenment a cursed potion of healing an uncursed potion of invisibility an uncursed potion of object detection an uncursed potion of oil an uncursed potion of see invisible an uncursed leash an uncursed magic lamp a +0 pick-axe an uncursed tin whistle a tinning kit (0:89) an uncursed garnet stone an uncursed jacinth stone 3 uncursed worthless pieces of orange glass an uncursed worthless piece of red glass an uncursed worthless piece of violet glass an uncursed worthless piece of white glass an uncursed worthless piece of yellow glass Spells and supernatural/magical abilities: Name Level Category Fail Memory a - force bolt 1 attack 0% 78% h - healing 1 healing 0% 78% W - pray for help -- divine ? -- Your skills at the end: Fighting Skills Weapon Skills dagger [Skilled] quarterstaff [Basic] Spellcasting Skills attack spells [Basic] enchantment spells [Basic] Final Attributes: You were piously aligned. You were magic-protected. You were telepathic. You had infravision. You were fast. You are dead. Vanquished creatures: an ice vortex 3 human zombies an imp a water nymph 4 shriekers a gnomish wizard an elf zombie a paper golem a little dog 7 floating eyes a kitten 3 homunculi a kobold shaman 10 hill orcs a giant bat 5 monkeys a wererat 4 iguanas a coyote 7 hobbits 2 large kobolds a hobgoblin 5 giant rats 4 cave spiders 4 yellow molds a green mold 3 red molds 5 gnomes 4 garter snakes a gecko 5 jackals 2 foxes 3 kobolds 3 goblins 11 sewer rats 7 grid bugs 4 bats 7 lichens a kobold zombie 7 newts 135 creatures vanquished. Voluntary challenges: You used a wielded weapon 207 times, starting on turn 146. You read items or engraved 2 times, starting on turn 2762. You never genocided any monsters. You never polymorphed an object. You never changed form. You used no wishes. You never split a pudding. You never wrote Elbereth's name. You violated your moral code, losing 28 points of alignment, starting on turn 1696. Dungeon overview: The Dungeons of Doom: levels 1 to 4 Level 1 a long staircase Level 2 a general store stairs to The Gnomish Mines Level 3 Level 4 some fountains, a sink The Gnomish Mines: levels 3 to 9 Level 3 stairs to The Dungeons of Doom Level 4 Level 5 Level 6 some shops, a temple to Anhur, some fountains, a sink Level 7 Level 8 Level 9 <- You were here History has recorded: On T:1 you entered the Dungeons of Doom to retrieve the Amulet of Yendor! On T:254 you advanced to experience level 2. On T:383 you reached level 2 of The Dungeons of Doom. On T:449 you reached level 3 of The Dungeons of Doom. On T:506 you advanced to experience level 3. On T:889 you advanced to experience level 4. On T:1246 you reached level 1 of The Gnomish Mines. On T:1729 you reached level 4 of The Dungeons of Doom. On T:2410 you advanced to experience level 5. On T:2547 you reached level 2 of The Gnomish Mines. On T:2909 you reached level 3 of The Gnomish Mines. On T:3203 you reached level 4 of The Gnomish Mines. On T:3389 you advanced to experience level 6. On T:3796 you reached level 5 of The Gnomish Mines. On T:4045 you reached level 6 of The Gnomish Mines. On T:4149 you advanced to experience level 7. On T:4356 you reached level 7 of The Gnomish Mines. Score breakdown: Gold: 782 ( 9843 points) Experience: 7 levels (13645 points) Exploration: 9 levels ( 18.37%) (12247 points) Discoveries: 9 items ( 3.14%) ( 5312 points) Valuables value: (no points given unless you survive) Artifact value: 0 ( 0 points) Variety of kills: 40 monsters ( 10.50%) ( 9720 points) Turncount: 4415 turns (-1170 points) Survival: died (score multiplied by 80%) Total score: 39677 Latest messages: You hear some noises in the distance. Never mind. You hear a clank. You begin bashing monsters with your bare hands. You hit it. The grid bug bites! You hit it. The grid bug bites! You kill the grid bug! The hill orc throws a crude dagger! You are hit! The flagon crashes on your head and breaks into shards. You feel rather tired. It hits! (2x) It bites! It hits! (2x) It bites! It hits! You die... Final status: Goodbye Zazza the Wizard, killed by a winged gargoyle, while sleeping off potion vapours... You died in The Gnomish Mines on dungeon level 9 with 39677 points, and 782 pieces of gold, after 4415 moves. You were level 7 with a maximum of 47 hit points when you died.